 Dungeon Crawl Stone Soup version 0.20.0-4-g10b340a (webtiles) character file.

168 MTVSty1e the Skirmisher (level 5, -2/35 HPs)
             Began as a Gargoyle Fighter on May 27, 2017.
             Slain by an ogre
             ... wielding a +0 giant club
              (15 damage)
             ... on level 3 of the Dungeon.
             The game lasted 00:04:30 (2374 turns).

MTVSty1e the Skirmisher (Gargoyle Fighter)          Turns: 2374, Time: 00:04:31

Health: -2/35      AC: 14    Str: 26    XL:     5   Next: 49%
Magic:  5/5        EV:  7    Int:  8    God:
Gold:   207        SH:  9    Dex:  9    Spells: 4/4 levels left

rFire    . . .     SeeInvis .   a - +0 war axe
rCold    . . .     Gourm    .   c - +0 shield
rNeg     + . .     Faith    .   b - +0 scale mail
rPois    ∞         Spirit   .   n - +1 helmet
rElec    +         Reflect  .   e - scarf {repulsion}
rCorr    .         Harm     .   o - +0 pair of gloves
MR       .....                  (no boots)
Stlth    ..........             (no amulet)
Regen    0.2/turn               (no ring)
MPRegen  0.1/turn               (no ring)

@: mighty, repel missiles
A: negative energy resistance 1, electricity resistance, unbreathing,
petrification resistance, rot immunity, AC +4
a: no special abilities


You were on level 3 of the Dungeon.
You were not hungry.

You visited 1 branch of the dungeon, and saw 3 of its levels.

You collected 207 gold pieces.

Inventory:

Hand Weapons
 a - a +0 war axe (weapon)
Armour
 b - a +0 scale mail (worn)
 c - a +0 shield (worn)
 e - a scarf of repulsion (worn)
 n - a +1 helmet (worn)
 o - a +0 pair of gloves (worn)
Scrolls
 i - 2 scrolls of teleportation {unknown}
 j - 2 scrolls of identify {unknown}
 k - 2 scrolls of remove curse {unknown}
 l - a scroll of blinking {unknown}
 s - a scroll of fear {unknown}
Potions
 d - a potion of might
 g - a potion of mutation {unknown}
 h - 4 potions of heal wounds {unknown}
 m - 2 potions of brilliance {unknown}
 p - a potion of haste {unknown}
 r - a potion of curing {unknown}
 t - a potion of ambrosia {unknown}
Comestibles
 f - 2 bread rations
 q - a royal jelly


   Skills:
 * Level 5.2 Fighting
 * Level 3.6 Axes
 - Level 3.2 Armour
 - Level 3.2 Shields


You had 4 spell levels left.
You didn't know any spells.

Dungeon Overview and Level Annotations

Branches:
Dungeon (3/15)

Altars:


Innate Abilities, Weirdness & Mutations

You are resistant to torment.
Your stone body is resilient. (AC +4)
You are immune to poison.
You resist negative energy. (rN+)
You are resistant to electric shocks. (rElec)
You can survive without breathing.
You are immune to petrification.
You are immune to rotting.


Message History

No target in view!
No target in view!
No target in view!
Found a club.
An ogre comes into view. It is wielding a giant club.
The ogre shouts!
Found a scroll labeled CAWKYT VO QAL.
An ogre is nearby!
The ogre closely misses you.
You hit the ogre but do no damage. The ogre closely misses you.
You feel very mighty all of a sudden.
You barely miss the ogre. The ogre hits you but does no damage.
Your shield prevents you from hitting the ogre.
The ogre hits you with a giant club!
You barely miss the ogre. You block the ogre's attack.
The ogre hits you with a giant club!
You slice the ogre!!
The ogre is almost dead.
The ogre hits you with a giant club!
You die...

########.##.#...#.##
###.##.#...#.#
#....).#...#.#
#.#.####.†##.#
#.#..........#
#.######..#### #.#
#..# ######.#
##..###### #..O@..#
##........# #?######
#.........†
##...####.# ##.##
#># .... #.# ####
#.# #.# ... ....


You could see an ogre.

Vanquished Creatures
  Terence (D:3)
  Robin (D:2)
  4 adders
  3 worms
  2 dart slugs (D:1)
  2 leopard geckos (D:3)
  4 orcs (D:3)
  2 ball pythons
  9 bats
  5 giant cockroaches
  12 goblins
  10 hobgoblins
  8 jackals
  2 frilled lizards
  6 kobolds
  4 rats
75 creatures vanquished.

Notes
Turn   | Place    | Note
-------+----------+-------------------------------------------
     0 | D:1      | MTVSty1e the Gargoyle Fighter began the quest for the Orb.
     0 | D:1      | Reached XP level 1. HP: 14/14 MP: 1/1
    88 | D:1      | Reached XP level 2. HP: 15/19 MP: 2/2
   649 | D:1      | Reached skill level 4 in Fighting
   874 | D:1      | Reached XP level 3. HP: 24/24 MP: 3/3
  1268 | D:2      | Noticed Robin
  1297 | D:2      | Reached XP level 4. HP: 27/30 MP: 4/4
  1310 | D:2      | Killed Robin
  2000 | D:3      | Noticed Terence
  2014 | D:3      | Killed Terence
  2014 | D:3      | Reached skill level 5 in Fighting
  2014 | D:3      | Reached XP level 5. HP: 31/35 MP: 5/5
  2366 | D:3      | Noticed an ogre
  2374 | D:3      | Slain by an ogre

Skill      XL: |  1  2  3  4 |
---------------+-------------+-----
Axes           | 2 3 |  3.6
Fighting       | 4 5 |  5.2
Armour         | |  3.2
Shields        | |  3.2

Action                   |  1- 3 |  4- 6 || total
-------------------------+-------+-------++-------
Melee: War axe           |    89 |   151 ||   240
  Use: Potion            |       |     1 ||     1
  Eat: Royal jelly       |     1 |       ||     1
       Meat ration       |       |     1 ||     1
       Chunk             |       |     1 ||     1
Armor: Scale mail        |    43 |    98 ||   141
Dodge: Dodged            |    22 |    44 ||    66
       Deflected         |     1 |       ||     1
Block: Shield            |    45 |    82 ||   127
